 Dungeon Crawl Stone Soup version 0.31-a0-185-g9dded2c639 (webtiles) character file.

Game seed: 6867969723540291997

240 qw the Skirmisher (level 5, 0/29 HPs)
             Began as a Deep Elf Hunter on June 22, 2023.
             Slain by Duvessa
             ... wielding a +4 rapier of speed
              (9 damage)
             ... on level 4 of the Dungeon.
             The game lasted 00:01:00 (2240 turns).

qw the Skirmisher (Deep Elf Hunter)                 Turns: 2240, Time: 00:01:00

Health: 0/29       AC:  8    Str: 16    XL:     5   Next: 79%
Magic:  7/7        EV: 13    Int: 14    God:
Gold:   188        SH:  0    Dex: 24    Spells: 4/4 levels left

rFire   . . .        Y - +0 shortbow
rCold   . . .        (shield currently unavailable)
rNeg    . . .        h - +0 ring mail
rPois   .            (no helmet)
rElec   .            (no cloak)
rCorr   .            (no gloves)
SInv    .            f - +2 pair of boots
Will    .....        (no amulet)
Stlth   ++           b - +6 ring of dexterity
HPRegen 0.24/turn    a - +6 ring of strength
MPRegen 0.10/turn

%: no passive effects
@: no status effects
A: no striking features
a: no special abilities


You were on level 4 of the Dungeon.
You visited 1 branch of the dungeon, and saw 4 of its levels.

You collected 188 gold pieces.


   Skills:
 - Level 1.5 Fighting
 + Level 8.9 Ranged Weapons
 - Level 3.5 Dodging
 - Level 1.2 Stealth


You had 4 spell levels left.
You didn't know any spells.
Your spell library was empty.

Inventory:

Hand Weapons
 Y - a +0 shortbow (weapon)
Armour
 f - a +2 pair of boots (worn)
 h - a +0 ring mail (worn)
Jewellery
 a - a +6 ring of strength (right hand)
 b - a +6 ring of dexterity (left hand)
Scrolls
 g - a scroll of identify
Potions
 c - a potion of resistance {unknown}
 d - a potion of degeneration {unknown}
 e - a potion of cancellation
 i - 2 potions of curing
 j - a potion of lignification {unknown}

Dungeon Overview and Level Annotations

Branches:
Dungeon (4/15)
 Temple: D:4-7

Altars:
Cheibriados

Annotations:
D:4 Dowan, Duvessa


Message History

Enter note:
Enter note: You shoot an arrow.
The arrow hits Ijyb.
Ijyb is moderately wounded.
You shoot an arrow. The arrow hits Ijyb.
Ijyb is heavily wounded.
You shoot an arrow. The arrow hits Ijyb.
Ijyb is heavily wounded.
Ijyb hits you but does no damage.
You shoot an arrow. The arrow hits Ijyb!
Ijyb is almost dead.
Ijyb barely misses you.
You shoot an arrow. The arrow hits Ijyb!
You kill Ijyb!
Items here: % ) / [.
Dowan, Brother of Duvessa comes into view.
He is wielding a +0 dagger.
Dowan shouts!
You hear a shout!
A scorpion comes into view.
Duvessa, Sister of Dowan comes into view.
She is wielding a +4 rapier of speed.
Dowan gestures at Duvessa while chanting.
Duvessa seems to speed up.
Enter note:
Enter note:
Enter note:
Enter note: You shoot an arrow.
The arrow hits Dowan!
Dowan is heavily wounded.
You shoot an arrow. The arrow barely misses Duvessa.
The arrow hits Dowan.
Dowan is severely wounded.
You shoot an arrow. The arrow hits Duvessa.
Duvessa is lightly wounded.
Duvessa hits you with a +4 rapier of speed!
You shoot an arrow. The arrow hits Duvessa.
Duvessa is lightly wounded.
Duvessa hits you with a +4 rapier of speed!
Duvessa hits you with a +4 rapier of speed.
You shoot an arrow. The arrow hits Duvessa.
Duvessa is moderately wounded.
Duvessa hits you with a +4 rapier of speed!
You die...

#......##.#.##......#
.#.##......##.#.....
...###.###.#........
. #......##....###...
..#
##.#.##....#....#...
...#....####.....#..
...##......##### .
#s####.#### #ee@)..#
#.###### #


You could see Duvessa (fast), Dowan and a scorpion.

Vanquished Creatures
  An orc priest (D:4)
  A jelly (D:3)
  An orc wizard (D:4)
  Ijyb (D:4)
  3 adders
  4 worms
  3 dart slugs
  5 orcs
  4 bats
  8 endoplasms
  3 giant cockroaches
  7 goblins
  7 hobgoblins
  6 jackals
  2 quokkas
  9 ball pythons
  4 frilled lizards
  6 kobolds
  5 rats
80 creatures vanquished.

Notes
Turn   | Place    | Note
-------+----------+-------------------------------------------
     0 | D:1      | qw the Deep Elf Hunter began the quest for the Orb.
     0 | D:1      | Reached XP level 1. HP: 12/12 MP: 3/3
     0 | D:1      | 0 ||| qw: Version: 0.3-a-9-g12657ce
     0 | D:1      | 0 ||| qw: Game counter: 1662
     0 | D:1      | 0 ||| qw: Always use a shield: true
     0 | D:1      | 0 ||| qw: God list: Okawaru
     0 | D:1      | 0 ||| qw: Allow faded altars: false
     0 | D:1      | 0 ||| qw: Do Orc after D:15 true
     0 | D:1      | 0 ||| qw: Do second Lair branch before Depths: true
     0 | D:1      | 0 ||| qw: Lair rune preference: random
     0 | D:1      | 0 ||| qw: Plans: Normal
     0 | D:1      | 0 ||| PLANNING D:1-11
    19 | D:1      | HP: 3/12 [kobold/+0 club (2)]
    90 | D:1      | Reached XP level 2. HP: 16/16 MP: 4/4
    91 | D:1      | Reached skill level 6 in Ranged Weapons
   284 | D:1      | Reached XP level 3. HP: 20/20 MP: 5/5
   512 | D:1      | 512 ||| UPGRADING to +0 scale mail.
   522 | D:1      | 522 ||| DROPPING +0 leather armour.
   523 | D:1      | 523 ||| UPGRADING to +1 pair of boots.
   528 | D:1      | 528 ||| DROPPING +6 ring of intelligence.
   529 | D:1      | 529 ||| READING scroll labelled LOJAPSA TIRCHAEM.
   530 | D:1      | 530 ||| READING 2 scrolls labelled KAEZAE ZENWURCH.
   531 | D:1      | 531 ||| READING scroll labelled ZUMMUE PIUT RIRIU.
   532 | D:1      | 532 ||| READING scroll labelled SOFUEV QIXO.
   533 | D:1      | 533 ||| READING scroll labelled FUDUEB BEDANAD.
   534 | D:1      | 534 ||| DRINKING 2 grey potions.
   535 | D:1      | 535 ||| DROPPING scroll of butterflies.
   536 | D:1      | 536 ||| DROPPING scroll of immolation.
   607 | D:2      | Reached skill level 7 in Ranged Weapons
   693 | D:2      | Found a faded altar of an unknown god.
   921 | D:2      | 921 ||| UPGRADING to +6 ring of dexterity.
   922 | D:2      | 922 ||| READING scroll labelled OSIHECR JINIDGH.
   923 | D:2      | 923 ||| DRINKING 3 coppery potions.
  1054 | D:2      | Reached XP level 4. HP: 25/25 MP: 6/6
  1329 | D:2      | Found a snail-covered altar of Cheibriados.
  1521 | D:2      | 1521 ||| UPGRADING to +6 ring of strength.
  1522 | D:2      | 1522 ||| READING scroll labelled ROXZYI PUPPEN.
  1682 | D:3      | Reached skill level 8 in Ranged Weapons
  1934 | D:3      | Reached skill level 3 in Dodging
  1934 | D:3      | Reached XP level 5. HP: 29/29 MP: 7/7
  2075 | D:3      | 2075 ||| UPGRADING to +0 ring mail.
  2085 | D:3      | 2085 ||| DROPPING +0 scale mail.
  2210 | D:4      | 2210 ||| READING scroll of enchant armour.
  2210 | D:4      | 2210 ||| ENCHANTING +1 pair of boots.
  2228 | D:4      | Noticed Ijyb
  2233 | D:4      | Killed Ijyb
  2235 | D:4      | Noticed Dowan
  2235 | D:4      | Noticed Duvessa
  2240 | D:4      | Slain by Duvessa

Levels and vault maps discovered:
D:1:      grunt_arrival_crossed_arrows, layout_basic
D:2:      minmay_inner_zag, layout_basic, basic_altar,
          ebering_ecumenical_altar_mist
D:3:      layout_rooms
D:4:      layout_cave_pods, nicolae_letterblocks [nicolae_letter_subblock,
          nicolae_letter_subblock, nicolae_letter_subblock,
          nicolae_letter_subblock, nicolae_letter_subblock,
          nicolae_letter_subblock, nicolae_letter_subblock,
          nicolae_letter_subblock, nicolae_letter_subblock,
          nicolae_letter_subblock, nicolae_letter_subblock,
          nicolae_letter_subblock, nicolae_letter_subblock,
          nicolae_letter_subblock, nicolae_letter_subblock,
          nicolae_letter_subblock, nicolae_letter_subblock,
          nicolae_letter_subblock, nicolae_letter_subblock,
          nicolae_letter_subblock, nicolae_letter_subblock,
          nicolae_letter_subblock, nicolae_letter_subblock,
          nicolae_letter_subblock, nicolae_letter_subblock], uniq_ijyb,
          uniq_duvessa

Skill      XL: |  1  2  3  4 |
---------------+-------------+-----
Ranged Weapons | 6 7 8 |  8.9
Dodging        | 3 |  3.5
Fighting       | |  1.5
Stealth        | |  1.2

Action                     |  1- 3 |  4- 6 || total
---------------------------+-------+-------++-------
   Fire: Shortbow          |   115 |   106 ||   221
    Use: Scroll            |     6 |     2 ||     8
         Potion            |     2 |       ||     2
 Armour: Leather armour    |     9 |       ||     9
         Scale mail        |    15 |     6 ||    21
         Ring mail         |       |     1 ||     1
  Dodge: Dodged            |    24 |     7 ||    31

Table legend:
 A = Non-vault XP
 B = Vault XP
 C = Vault XP percentage of total XP
 D = Non-vault monster count
 E = Vault monster count
 F = Vault count percentage of total count
                 A         B        C        D         E       F
            +---------+---------+-------+---------+---------+-------
      Total |     303 |      40 |  11.7 |      74 |       6 |   7.5
            +---------+---------+-------+---------+---------+-------
        D:1 |      51 |       0 |   0.0 |      26 |       0 |   0.0
        D:2 |      62 |       7 |  10.1 |      20 |       5 |  20.0
        D:3 |     105 |       0 |   0.0 |      23 |       0 |   0.0
        D:4 |      85 |      33 |  28.0 |       5 |       1 |  16.7
            +---------+---------+-------+---------+---------+-------
